 Dungeon Crawl Stone Soup version 0.27.1-4-g1640c2035a (webtiles) character file.

Game seed: 15743526056503529386

16 ElTigreChino the Cudgeller (level 2, 29/29 HPs)
             Began as a Troll Berserker on Oct 1, 2021.
             Was a Follower of Trog.
             Quit the game on level 1 of the Dungeon on Nov 2, 2021.
             The game lasted 00:03:06 (217 turns).

ElTigreChino the Cudgeller (Troll Berserker)         Turns: 217, Time: 00:03:07

Health: 29/29      AC:  4    Str: 24    XL:     2   Next: 37%
Magic:  1/1        EV: 10    Int:  3    God:    Trog [*.....]
Gold:   0          SH:  0    Dex:  9    Spells: 1/1 levels left

rFire    . . .     SeeInvis .   a - +0 mace
rCold    . . .     Faith    .   (no shield)
rNeg     . . .     Spirit   .   b - +0 animal skin
rPois    .         Reflect  .   (helmet restricted)
rElec    .         Harm     .   (no cloak)
rCorr    .         Rampage  .   (gloves unavailable)
Will     .....                  (boots unavailable)
Stlth    +.........             (no amulet)
HPRegen  1.09/turn              (no ring)
MPRegen  0.07/turn              (no ring)

@: no status effects
A: large, unfitting armour, claws 3, regeneration 1, shaggy fur 1, tough skin 1
a: Renounce Religion, Berserk


You were on level 1 of the Dungeon.
You worshipped Trog.
Trog was aware of your devotion.
You visited 1 branch of the dungeon, and saw 1 of its levels.

Inventory:

Hand Weapons
 a - a +0 mace (weapon)
Armour
 b - a +0 animal skin (worn)
 c - a +1 hat


   Skills:
 + Level 2.6 Fighting
 + Level 3.0 Maces & Flails
 + Level 2.6 Dodging


You had one spell level left.
You didn't know any spells.
Your spell library was empty.

Dungeon Overview and Level Annotations

Branches:
Dungeon (1/15)

Altars:


Innate Abilities, Weirdness & Mutations

You are too large for most types of armour.
You have claws for hands.
Your natural rate of healing is unusually fast.
You are covered in fur. (AC +1)
You have tough skin. (AC +1)


Message History

c - a +1 hat A quokka comes into view.
You hit the quokka.
You kill the quokka!
Trog accepts your kill.
Found a hunting sling.
As you open the door, it creaks loudly!
You hear a shout!
Found two gnoll skeletons.
There is an open door here.
A goblin, a hobgoblin and a kobold come into view.
The kobold is wielding a +0 dagger of speed.
The kobold shouts!
The hobgoblin shouts!
The goblin shouts!
You barely miss the goblin. The goblin hits you with a +0 dagger.
The goblin barely misses you.
You barely miss the goblin. The goblin hits you with a +0 dagger.
You sock the goblin!
You kill the goblin!
Trog accepts your kill. The kobold closely misses you.
You closely miss the kobold.
The kobold hits you but does no damage. x2
You closely miss the kobold. The kobold misses you.
The kobold hits you with a +0 dagger of speed.
You closely miss the kobold. The kobold completely misses you. x2
You miss the kobold.
The kobold hits you with a +0 dagger of speed.
You hit the kobold.
You kill the kobold!
Trog accepts your kill.
Your Maces & Flails skill increases to level 3!
You closely miss the hobgoblin. The hobgoblin misses you.
You sock the hobgoblin!
You kill the hobgoblin!
Trog accepts your kill.
Things that are here:
a +0 dagger of speed; a +0 dagger; a kobold corpse Your library has no spells.
Welcome back, ElTigreChino the Troll Berserker.
Trog says: Kill them all!
Press ? for a list of commands and other information.
Are you sure you want to abandon this character and quit the game? (Confirm with "yes".)

#...# ##. #.....
.... #..... ...#
#..).. ####....##
#.....##.@......#
##
#........♣♣♣♣♣♣..
#. #........♣÷♣
.. #####..##### ♣
#..#...# #
#..♣...# # #P
#..'.8.+ .# #>
#..♣...# ♣.# P
##..#...# ♣..#


There were no monsters in sight!

Vanquished Creatures
  A dart slug (D:1)
  A ball python (D:1)
  2 giant cockroaches (D:1)
  2 goblins (D:1)
  A hobgoblin (D:1)
  2 kobolds (D:1)
  A quokka (D:1)
  A bat (D:1)
  A frilled lizard (D:1)
12 creatures vanquished.

Notes
Turn   | Place    | Note
-------+----------+-------------------------------------------
     0 | D:1      | ElTigreChino the Troll Berserker began the quest for the
                  | Orb.
     0 | D:1      | Reached XP level 1. HP: 22/22 MP: 0/0
   104 | D:1      | Reached XP level 2. HP: 29/29 MP: 1/1
   214 | D:1      | Reached skill level 3 in Maces & Flails
   217 | D:1      | Upgraded the game from 0.27.1-2-g3b301248ec to
                  | 0.27.1-4-g1640c2035a
   217 | D:1      | Quit the game

Illustrated notes

Levels and vault maps discovered:
D:1:      tarquinn_simple_flora_water_b, layout_basic,
          dilly_ecumenical_altar_fadedgnrine, dk_noncrumbling_2

Skill      XL: |  1  2 |
---------------+-------+-----
Maces & Flails | 3 |  3.0
Fighting       | |  2.6
Dodging        | |  2.6

Action                   || total
-------------------------++-------
Melee: Mace              ||    38
Armor: Animal skin       ||    11
Dodge: Dodged            ||    25
